 Dungeon Crawl Stone Soup version 0.21.1-1-g345015fe64 (webtiles) character file.

119 Kohma the Stinger (level 4, 0/33 HPs)
             Began as a Draconian Venom Mage on June 8, 2018.
             Slain by petercordia's ghost (16 damage)
             ... on level 3 of the Dungeon.
             The game lasted 00:15:23 (2268 turns).

Kohma the Stinger (Draconian Venom Mage)            Turns: 2268, Time: 00:15:24

Health: 0/33       AC:  6    Str: 10    XL:     4   Next: 73%
Magic:  7/7        EV: 12    Int: 17    God:
Gold:   79         SH:  0    Dex: 11    Spells: 2/8 levels left

rFire    . . .     SeeInvis .   f - +5 hand axe (vamp)
rCold    . . .     Gourm    .   (no shield)
rNeg     . . .     Faith    .   (armour unavailable)
rPois    .         Spirit   .   (helmet restricted)
rElec    .         Reflect  .   j - +0 cloak
rCorr    .         Harm     .   (no gloves)
MR       .....                  (no boots)
Stlth    ++........             (no amulet)
HPRegen  0.11/turn              (no ring)
MPRegen  0.10/turn              (no ring)

@: no status effects
A: unfitting armour, cold-blooded, AC +5
a: no special abilities


You were on level 3 of the Dungeon.
You were not hungry.

You visited 1 branch of the dungeon, and saw 3 of its levels.

You collected 79 gold pieces.

Inventory:

Hand Weapons
 c - a +0 mace
 f - a +5 vampiric hand axe (weapon)
 i - a +0 dagger
Armour
 j - a +0 cloak (worn)
Scrolls
 d - 3 scrolls of fear {unknown}
 e - a scroll of identify {unknown}
 g - 3 scrolls of amnesia {unknown}
Potions
 h - a potion of brilliance {unknown}
 k - a potion of agility {unknown}
 l - a potion of degeneration {unknown}
Books
 a - a Young Poisoner's Handbook

   Spells                             Type                      Level
   a - Sting                          Conjuration/Poison           1
   b - Poisonous Vapours              Poison/Air                   2
   c - Mephitic Cloud                 Conjuration/Poison/Air       3
   d - Olgreb's Toxic Radiance        Poison                       4
   e - Venom Bolt                     Conjuration/Poison           5


   Skills:
 * Level 2.7 Dodging
 + Level 2.5 Stealth
 + Level 2.5 Spellcasting
 + Level 1.6 Conjurations
 + Level 0.8 Air Magic
 * Level 3.7 Poison Magic


You had 2 spell levels left.
You knew the following spells:

 Your Spells              Type           Power        Failure   Level  Hunger
a - Sting                 Conj/Pois      ##..         6%          1    #......
b - Mephitic Cloud        Conj/Pois/Air  #.......     24%         3    ###....
c - Poisonous Vapours     Pois/Air       ##....       11%         2    ##.....


Dungeon Overview and Level Annotations

Branches:
Dungeon (3/15)

Altars:
Okawaru

Annotations:
D:3 petercordia's ghost, amateur FoFi


Innate Abilities, Weirdness & Mutations

Your plain brown scales are hard. (AC +5)
You cannot fit into any form of body armour.
You are cold-blooded and may be slowed by cold attacks.


Message History

Casting: Poisonous Vapours
Confirm with . or Enter, or press ? or * to list all spells.
Aiming: Mephitic Cloud
Press: ? - help, Shift-Dir - straight line, p - petercordia's ghost That beam is likely to hit you.
Continue anyway? [Y]es or [N]o only, please.
That beam is likely to hit you.
Continue anyway? [Y]es or [N]o only, please.
That beam is likely to hit you.
Continue anyway?
Okay, then.
You closely miss petercordia's ghost.
Your tail-slap misses petercordia's ghost.
Petercordia's ghost barely misses you. Petercordia's ghost hits you.
You hit petercordia's ghost.
Petercordia's ghost is lightly damaged.
Petercordia's ghost hits you.
You hit petercordia's ghost.
Petercordia's ghost is lightly damaged.
Petercordia's ghost hits you!
You die...

#.. #....# ... ....#### #.#
#...##.. #.## #...##.# #..
#...##.# ####### #.########
#...##.##. #.....#
##.##.....####...#...#.
#....<###...#....<.....).......
#.........#..W@................
#.....###...#.....###+##.......
#.....# ##.######## #.#...##
####### #.# #.#.### #.# #.#.#
#.# #.#.# #.# #.#.# >.. #...#
##.


You could see petercordia's ghost.

Vanquished Creatures
  Terence (D:2)
  An adder (D:2)
  2 gnolls (D:2)
  An adder skeleton (D:2)
  A worm (D:2)
  A dart slug (D:1)
  2 orcs
  8 goblins
  5 hobgoblins
  6 jackals
  8 bats
  4 frilled lizards (D:1)
  7 kobolds
  8 rats
55 creatures vanquished.

Notes
Turn   | Place    | Note
-------+----------+-------------------------------------------
     0 | D:1      | Kohma the Draconian Venom Mage began the quest for the Orb.
     0 | D:1      | Reached XP level 1. HP: 14/14 MP: 3/3
   421 | D:1      | Reached XP level 2. HP: 20/20 MP: 3/5
  1031 | D:1      | Reached XP level 3. HP: 24/26 MP: 6/6
  1147 | D:1      | Learned a level 3 spell: Mephitic Cloud
  1150 | D:1      | Learned a level 2 spell: Poisonous Vapours
  1407 | D:2      | Noticed Terence
  1430 | D:2      | Killed Terence
  1430 | D:2      | Reached XP level 4. HP: 22/33 MP: 2/7
  1669 | D:2      | Found an iron altar of Okawaru.
  1758 | D:3      | Noticed petercordia's ghost (amateur FoFi)
  2268 | D:3      | Slain by petercordia's ghost

Skill      XL: |  1  2 |
---------------+-------+-----
Stealth        | 2 |  2.5
Dodging        | 2 |  2.7
Spellcasting   | |  2.5
Conjurations   | |  1.6
Air Magic      | |  0.8
Poison Magic   | |  3.7

Action                   |  1- 3 |  4- 6 || total
-------------------------+-------+-------++-------
Melee: Mace              |    29 |       ||    29
       Tailslap          |     8 |     3 ||    11
       Dagger            |    67 |       ||    67
       Hand axe          |       |    35 ||    35
 Cast: Sting             |    21 |     1 ||    22
       Poisonous Vapours |     4 |     8 ||    12
       Mephitic Cloud    |       |     1 ||     1
 Stab: Sleeping          |     2 |       ||     2
  Eat: Chunk             |     2 |     1 ||     3
       Ration            |       |     2 ||     2
Armor: Skin              |    33 |    30 ||    63
Dodge: Dodged            |   103 |    34 ||   137
